 Dungeon Crawl Stone Soup version 0.23-a0-767-gdc19b93 (console) character file.

78 Duffy the Conjurer (level 4, 1/30 HPs)
             Began as a Demonspawn Fire Elementalist on Jan 19, 2019.
             Quit the game on level 3 of the Dungeon.
             The game lasted 00:02:51 (2171 turns).

Duffy the Conjurer (Demonspawn Fire Elementalist)   Turns: 2171, Time: 00:02:52

Health: 1/30       AC:  5    Str:  8    XL:     4   Next: 15%
Magic:  0/7        EV: 12    Int: 17    God:
Gold:   62         SH:  0    Dex: 14    Spells: 3/7 levels left

rFire    . . .     SeeInvis .   c - 2 rations
rCold    . . .     Gourm    .   (no shield)
rNeg     . . .     Faith    .   a - +0 robe
rPois    .         Spirit   .   (no helmet)
rElec    .         Reflect  .   (no cloak)
rCorr    .         Harm     .   f - +0 pair of gloves
MR       .....                  (no boots)
Stlth    ++........             (no amulet)
HPRegen  0.10/turn              (no ring)
MPRegen  0.10/turn              (no ring)

@: no status effects
A: iridescent scales 1
a: no special abilities


You were on level 3 of the Dungeon.
You were not hungry.

You visited 1 branch of the dungeon, and saw 3 of its levels.

You collected 62 gold pieces.

Inventory:

Armour
 a - a +0 robe (worn)
 f - a +0 pair of gloves (worn)
Scrolls
 b - 5 scrolls of identify {unknown}
 d - 2 scrolls of enchant weapon {unknown}
 e - a scroll of remove curse {unknown}
 g - a scroll of amnesia {unknown}
 h - a scroll of fog {unknown}
 k - a scroll of immolation {unknown}
Potions
 j - a potion of curing {unknown}
Comestibles
 c - 2 rations (in hand)
 i - 8 chunks of flesh


   Skills:
 - Level 1.7 Dodging
 - Level 1.7 Stealth
 + Level 2.4 Spellcasting
 + Level 3.2 Conjurations
 + Level 3.1 Fire Magic


You had 3 spell levels left.
You knew the following spells:

 Your Spells              Type           Power        Failure   Level  Hunger
h - Flame Tongue          Conj/Fire      ##...        4%          1    #......
l - Conjure Flame         Conj/Fire      ##......     16%         3    ###....

Your spell library contained the following spells:

 Spells                   Type           Power        Failure   Level  Hunger
 Throw Flame              Conj/Fire      ##....       8%          2    ##.....
 Inner Flame              Hex/Fire       #.......     28%         3    ###....
 Sticky Flame             Conj/Fire      ##......     45%         4    #####..
 Fireball                 Conj/Fire      ##........   80%         5    ######.


Dungeon Overview and Level Annotations

Branches:
Dungeon (3/15)

Altars:
Ashenzari
Gozag
Xom
The Shining One

Annotations:
D:2 Terence


Innate Abilities, Weirdness & Mutations

You are partially covered in iridescent scales. (AC +2)


Message History

Press: ? - help, Shift-Dir - straight line, f/p - orc priest
Aim: an orc priest, wielding a +0 short sword and wearing a +0 leather armour (almost dead)
The flame tongue hits the orc.
The orc is heavily wounded.
The orc priest invokes the aid of Beogh against you.
Beogh smites you!
The orc shouts!
You hear a shout!
Casting: Flame Tongue (safe; 4% risk of failure)
Confirm with . or Enter, or press ? or * to list all spells.
Aiming: Flame Tongue (safe; 4% risk of failure)
Press: ? - help, Shift-Dir - straight line, f/p - orc priest
Aim: an orc priest, wielding a +0 short sword and wearing a +0 leather armour (almost dead)
The flame tongue hits the orc.
You kill the orc!
You hear an angry hiss.
The orc throws a stone.
The stone hits you.
Casting: Flame Tongue (safe; 4% risk of failure)
Confirm with . or Enter, or press ? or * to list all spells.
You don't have enough magic to cast that spell.
Are you sure you want to abandon this character and quit the game? (Confirm with "yes".)

.###. ..# .....##.#
.......##########
..(......<......#
.##...........#
##%##.......# #.
#.##.......###### #..
#.#####.#.......####...
#....%...@o.....o......
###########.####......
####.o%....# .
#.....%.o..# ...
###.##...##..##.....
#......#####......oo
#.#.#### ####!.oo. ....
#... #... ..


You could see 2 orc priests and 2 orcs.

Vanquished Creatures
  An adder (D:2)
  2 oozes (D:1)
  4 dart slugs
  2 leopard geckos (D:1)
  An orc (D:3)
  2 giant cockroaches
  3 goblins
  4 hobgoblins
  6 jackals
  4 kobolds
  A quokka (D:3)
  2 ball pythons
  7 bats
  5 frilled lizards
  4 rats (D:1)
48 creatures vanquished.

Notes
Turn   | Place    | Note
-------+----------+-------------------------------------------
     0 | D:1      | Duffy the Demonspawn Fire Elementalist began the quest for
                  | the Orb.
     0 | D:1      | Reached XP level 1. HP: 13/13 MP: 3/3
   276 | D:1      | Gained mutation: You are partially covered in iridescent
                  | scales. (AC +2) [demonic ancestry]
   276 | D:1      | Reached XP level 2. HP: 19/19 MP: 0/5
   723 | D:1      | Reached XP level 3. HP: 24/24 MP: 1/6
   737 | D:1      | Learned a level 3 spell: Conjure Flame
   913 | D:1      | Found a shimmering altar of Xom.
  1780 | D:2      | Found an opulent altar of Gozag.
  1780 | D:2      | Found a glowing golden altar of the Shining One.
  1781 | D:2      | Found a shattered altar of Ashenzari.
  1865 | D:2      | Noticed Terence
  1970 | D:3      | Reached XP level 4. HP: 30/30 MP: 5/7
  2170 | D:3      | HP: 1/30 [orc/stone (1)]
  2171 | D:3      | Quit the game

Vault maps used:
D:1:      psy_arrival_radial02, xom_teletrap_fun
D:2:      amethyst_overflow_temple_binary, gammafunk_temple_overflow_claw,
          first_ration, uniq_terence

Skill      XL: |  1  2  3 |
---------------+----------+-----
Conjurations   | 2 3 |  3.2
Fire Magic     | 3 |  3.1
Dodging        | |  1.7
Stealth        | |  1.7
Spellcasting   | |  2.4

Action                   |  1- 3 |  4- 6 || total
-------------------------+-------+-------++-------
 Cast: Flame Tongue      |    71 |    20 ||    91
  Eat: Chunk             |     4 |     1 ||     5
Armor: Robe              |    18 |     3 ||    21
Dodge: Dodged            |    48 |     6 ||    54

Table legend:
 A = Non-vault XP
 B = Vault XP
 C = Vault XP percentage of total XP
 D = Non-vault monster count
 E = Vault monster count
 F = Vault count percentage of total count
                 A         B        C        D         E       F
            +---------+---------+-------+---------+---------+-------
      Total |     112 |       0 |   0.0 |      48 |       0 |   0.0
            +---------+---------+-------+---------+---------+-------
        D:1 |      60 |       0 |   0.0 |      26 |       0 |   0.0
        D:2 |      35 |       0 |   0.0 |      13 |       0 |   0.0
        D:3 |      17 |       0 |   0.0 |       9 |       0 |   0.0
            +---------+---------+-------+---------+---------+-------
